 Dungeon Crawl Stone Soup version 0.27-a0-419-g7a85846853 (webtiles) character file.

Game seed: 12116095192322072077

9 Chiseanne the Skirmisher (level 2, 25/25 HPs)
             Began as a Demonspawn Wanderer on Feb 26, 2021.
             Quit the game on level 1 of the Dungeon.
             The game lasted 00:00:45 (557 turns).

Chiseanne the Skirmisher (Demonspawn Wanderer)       Turns: 557, Time: 00:00:45

Health: 25/25      AC:  5    Str: 14    XL:     2   Next: 3%
Magic:  2/2        EV: 10    Int: 11    God:
Gold:   21         SH:  0    Dex: 12    Spells: 1/1 levels left

rFire    . . .     SeeInvis .   a - +2 dagger
rCold    . . .     Faith    .   (no shield)
rNeg     . . .     Spirit   .   g - +0 ring mail
rPois    .         Reflect  .   (no helmet)
rElec    .         Harm     .   (no cloak)
rCorr    .         Rampage  .   (no gloves)
Will     .....                  (no boots)
Stlth    +.........             (no amulet)
HPRegen  0.08/turn              (no ring)
MPRegen  0.08/turn              (no ring)

@: no status effects
A: demonic magic 1
a: no special abilities


You were on level 1 of the Dungeon.
You visited 1 branch of the dungeon, and saw 1 of its levels.

You collected 21 gold pieces.

Inventory:

Hand Weapons
 a - a +2 dagger (weapon)
 d - a +0 mace
Missiles
 b - 4 curare-tipped darts (quivered)
 e - 35 stones
Armour
 g - a +0 ring mail (worn)
Scrolls
 f - 4 scrolls of identify {unknown}
 j - a scroll of magic mapping {unknown}
Potions
 c - a potion of curing
 h - a potion of attraction {unknown}
 i - a potion of flight {unknown}
 k - a potion of brilliance {unknown}


   Skills:
 * Level 4.1 Fighting
 - Level 1.0 Maces & Flails
 * Level 1.2 Throwing
 * Level 1.2 Armour
 * Level 0.5 Dodging
 - Level 2.6 Stealth


You had one spell level left.
You didn't know any spells.
Your spell library was empty.

Dungeon Overview and Level Annotations

Branches:
Dungeon (1/15)

Altars:


Innate Abilities, Weirdness & Mutations

Spells you cast may paralyse adjacent enemies.


Message History

f - 3 scrolls labelled LEKLESCHUSS (gained 1)
Found a club.
No target in view!
A kobold comes into view.
The kobold shouts!
Found 9 gold pieces.
The kobold hits you.
You hit the kobold.
You kill the kobold!
No target in view!
No target in view!
No target in view!
No target in view!
No target in view!
No target in view!
No target in view!
No target in view!
No target in view!
No target in view!
You now have 21 gold pieces (gained 9).
There is a stone staircase leading down here.
You see here a +0 dagger.
A goblin comes into view.
The goblin shouts!
The goblin hits you.
You closely miss the goblin. The goblin hits you but does no damage.
You hit the goblin.
You kill the goblin!
You have reached level 2!
Your demonic ancestry asserts itself...
A menacing aura infuses your magic.
You see here a goblin corpse.
You see here a goblin corpse.
f - 4 scrolls labelled LEKLESCHUSS (gained 1)
You see here a kobold skeleton.
There is an open door here.
You open the door.
There is an open door here.
A frilled lizard comes into view.
Are you sure you want to abandon this character and quit the game? (Confirm with "yes".)

### ..... ###########..
.... ..##....##.. ...#
#.##....##..
...######.##....##.. .
................... ...
#.####.#.##....##..
.....#.####.....########
.....(.@..'.....'.....รท.
......#...#.....########
..... #8.8#.....# l...
#...####### ... #8.8# .#
#...# #8.8# #...#


You could see a frilled lizard (asleep).

Vanquished Creatures
  A bat (D:1)
  2 goblins (D:1)
  3 kobolds (D:1)
  2 rats (D:1)
8 creatures vanquished.

Notes
Turn   | Place    | Note
-------+----------+-------------------------------------------
     0 | D:1      | Chiseanne the Demonspawn Wanderer began the quest for the
                  | Orb.
     0 | D:1      | Chiseanne set off with the following items: a +2 dagger, 4
                  | curare-tipped darts, a potion of curing, a +0 mace, a +0
                  | robe
     0 | D:1      | Reached XP level 1. HP: 19/19 MP: 1/1
   359 | D:1      | Gained mutation: Spells you cast may paralyse adjacent
                  | enemies. [demonic ancestry]
   359 | D:1      | Reached XP level 2. HP: 21/25 MP: 2/2
   557 | D:1      | Quit the game

Illustrated notes

Levels and vault maps discovered:
D:1:      dpeg_arrival_renting, layout_basic, chequers_avenue

Action                   || total
-------------------------++-------
Melee: Dagger            ||    26
 Stab: Sleeping          ||     1
Armor: Ring mail         ||    15
Dodge: Dodged            ||    12

Table legend: (Time is in decaauts)
 A = Elapsed time spent in this place.
 B = Non-inter-level travel time spent in this place.
 C = Inter-level travel time spent in this place.
 D = Time resting spent in this place.
 E = Time spent auto-exploring this place.
 F = Levels seen in this place.
 G = Mean time per level.
                   A        B        C        D        E       F      G
               +--------+--------+--------+--------+--------+-----+--------+
         Total |    557 |    557 |      0 |      0 |    493 |   1 |  557.0 |
       Dungeon |    557 |    557 |      0 |      0 |    493 |   1 |  557.0 |
               +--------+--------+--------+--------+--------+-----+--------+

Top non-repeatable levels by time:
     D:1: 557 daAuts
